 Dungeon Crawl Stone Soup version 0.31.0-12-g77e489cdc1 (webtiles) character file.

Game seed: 13757241713111675828

5086 booth the Cleaver (level 10, -7/80 HPs)
             Began as a Demonspawn Gladiator on Feb 28, 2024.
             Was an Initiate of Ashenzari.
             Mangled by Gastronok (33 damage)
             ... on level 9 of the Dungeon.
             The game lasted 00:50:19 (8445 turns).

booth the Cleaver (Demonspawn Gladiator)            Turns: 8445, Time: 00:50:20

Health: -7/80      AC:  8    Str: 18    XL:     10   Next: 31%
Magic:  10/10      EV: 17    Int:  9    God:    Ashenzari [......]
Gold:   364        SH:  0    Dex: 15    Spells: 9/9 levels left

rFire   . . .        a - +2 war axe
rCold   + . .        (no shield)
rNeg    . . .        z - +2 ring mail {rC+}
rPois   +            (helmet restricted)
rElec   .            (no cloak)
rCorr   .            v - +0 pair of gloves
SInv    .            (no boots)
Will    .....        (no amulet)
Stlth   +            j - +5 ring of evasion
HPRegen 0.33/turn    E - ring of poison resistance
MPRegen 0.12/turn

%: no passive effects
@: no status effects
A: horns 2, foul stench 2, powered by death 1
a: Renounce Religion, Curse Item


You were on level 9 of the Dungeon.
You worshipped Ashenzari.
Ashenzari was noncommittal.
You visited 2 branches of the dungeon, and saw 10 of its levels.
You also visited: Ossuary.

You collected 464 gold pieces.
You spent 100 gold pieces at shops.

Inventory:

Hand Weapons
 a - a +2 war axe (weapon)
 f - a +1 broad axe of venom
 G - a +2 flail of freezing
Missiles
 d - a curare-tipped dart
 n - 3 boomerangs
 u - 13 poisoned darts (quivered)
Armour
 v - a +0 pair of gloves (worn)
 z - a +2 ring mail of cold resistance (worn)
 D - a +0 kite shield
Jewellery
 j - a +5 ring of evasion (left hand)
 E - a ring of poison resistance (right hand)
 H - a ring of wizardry
Wands
 x - a wand of paralysis (10)
 C - a wand of flame (14)
Scrolls
 b - 3 scrolls of teleportation
 e - 2 scrolls of summoning
 i - a scroll of fear
 p - 2 scrolls of silence
 r - 3 scrolls of vulnerability
 t - a scroll of poison {unknown}
 w - a scroll of brand weapon {unknown}
 y - a scroll of noise {unknown}
 B - a scroll of revelation {unknown}
Potions
 c - a potion of curing
 g - a potion of cancellation
 h - 5 potions of might
 k - 2 potions of haste
 l - 3 potions of heal wounds
 m - 2 potions of brilliance {unknown}
 o - 3 potions of resistance {unknown}
 q - 2 potions of mutation {unknown}
 s - 2 potions of attraction {unknown}
 F - a potion of lignification {unknown}
 I - a potion of degeneration {unknown}


   Skills:
 + Level 7.9 Fighting
 * Level 10.3 Axes
 + Level 7.1 Throwing
 - Level 3.3 Dodging


You had 9 spell levels left.
You didn't know any spells.
Your spell library contained the following spells:

 Spells                   Type           Power      Damage    Failure   Level
 Magic Dart               Conj           0%         1d3       58%         1
 Sandblast                Erth           0%         2d4       58%         1
 Blink                    Tloc           0%         N/A       73%         2
 Call Imp                 Summ           0%         N/A       73%         2
 Mercury Vapours          Alch/Air       0%         N/A       73%         2
 Searing Ray              Conj           0%         2d4       73%         2
 Mephitic Cloud           Conj/Alch/Air  0%         N/A       91%         3
 Passwall                 Erth           0%         N/A       91%         3
 Stone Arrow              Conj/Erth      0%         3d7       91%         3
 Brom's Barrelling Bould  Conj/Erth      0%         2d3       100%        4
 Fulminant Prism          Conj/Alch      0%         3d5       100%        4
 Olgreb's Toxic Radiance  Alch           0%         N/A       100%        4
 Freezing Cloud           Conj/Ice/Air   0%         6-21      100%        5
 Ozocubu's Refrigeration  Ice            0%         4d7       100%        7
 Discord                  Hex            0%         N/A       100%        8


Dungeon Overview and Level Annotations

Branches:
Dungeon (9/15)             Temple (1/1) D:6         Ossuary (visited)
   Lair: D:8-11         Orc: D:9-12

Altars:
Ashenzari
Cheibriados
Dithmenos
Fedhas
Gozag
Hepliaklqana
Kikubaaqudgha
Makhleb
Nemelex Xobeh
Okawaru
Qazlal
Ru
Sif Muna
Trog
Uskayaw
Vehumet
Wu Jian
Xom
Yredelemnul

Shops:
D:1 [   D:4 *

Annotations:
D:3 3 runed translucent doors, superradish's ghost, amateur OpSh
D:9 Gastronok


Innate Abilities, Weirdness & Mutations

You have a pair of horns on your head.
You sometimes emit foul miasma when damaged in melee.
You regenerate a little health from kills.


Message History

You hit the bullfrog. You headbutt the bullfrog.
The bullfrog is almost dead.
The bullfrog hits you but does no damage.
The bullfrog closely misses you.
You slash the bullfrog!
You kill the bullfrog!
Gastronok the Ponderous comes into view.
He is wearing a +2 hat of see invisible.
Throw: 14 darts (poison)
Press: ? - help, Q - select action, (/) - cycle Shift-Dir - straight line, f - Gastronok
Aim: Gastronok, wearing a +2 hat of see invisible (94% to hit)
You throw a poisoned dart. The poisoned dart hits Gastronok.
Throw: javelin
Press: ? - help, Q - select action, (/) - cycle Shift-Dir - straight line, f/p - Gastronok
Aim: Gastronok, wearing a +2 hat of see invisible (94% to hit)
You throw a javelin. The javelin pierces through Gastronok!
Gastronok is lightly wounded.
You slash Gastronok!
Gastronok is lightly wounded.
You slash Gastronok!
Gastronok is moderately wounded.
Gastronok waves his eye-stalks in wide circles.
The air twists around and strikes you.
You slice Gastronok!! You headbutt Gastronok.
Gastronok is moderately wounded.
You hit Gastronok.
You headbutt Gastronok, but do no damage.
Gastronok is moderately wounded.
Gastronok bites you!!
You hit Gastronok.
Gastronok is moderately wounded.
You slash Gastronok!
Gastronok is heavily wounded.
Gastronok bites you!!
You hit Gastronok. You headbutt Gastronok.
Gastronok is heavily wounded.
You slash Gastronok! You headbutt Gastronok.
Gastronok is severely wounded.
Gastronok bites you!!
You die...
Gastronok gurgles, "Let's see if you taste as good as that wizard did."

.... .... ... ..# #....#
..##....# ..#w...### ###
#.#....$. #... #@#....#
....P #w#....#
......#.(....#
.....P.......#
..~♣♣.P#.....#
♣~~~..P.(#### ♣~~♣~..#.#
######
P~♣~~♣♣.#.#########.....
..~~~ .P#......†.......>


You could see Gastronok.

Vanquished Creatures
  Maggie (D:8)
  Prince Ribbit (D:7)
  3 yaks (D:9)
  2 steam dragons (D:8)
  Edmund (D:6)
  2 water moccasins
  A sky beast (D:6)
  3 ice beasts
  7 ogres
  A centaur (D:9)
  A phantom (D:4)
  A weeping skull (Ossuary)
  A kobold brigand (D:7)
  4 bullfrogs
  A scorpion (D:7)
  6 water moccasin zombies (Ossuary)
  9 wights
  3 howler monkeys
  A quasit (D:4)
  A bombardier beetle (D:7)
  4 orc priests
  2 gnoll boudas
  7 hounds
  A spectral scorpion (Ossuary)
  Jessica (D:2)
  2 iguanas
  3 orc wizards (D:4)
  A sleepcap (D:6)
  Terence (D:3)
  A bullfrog simulacrum (Ossuary)
  2 mummies (Ossuary)
  9 gnolls
  6 adders
  2 river rats (D:5)
  A shadow imp (D:4)
  3 white imps
  An ufetubus (D:4)
  An adder zombie (Ossuary)
  A dart slug (D:4)
  20 orcs
  12 ball pythons
  4 endoplasms
  3 giant cockroaches
  13 gnoll zombies (Ossuary)
  7 hobgoblins
  13 jackals
  3 quokkas
  4 bats
  A frilled lizard (D:1)
  4 goblins
  5 jackal zombies (Ossuary)
  6 kobolds
  6 orc zombies (Ossuary)
  7 rats
207 creatures vanquished.

Vanquished Creatures (collateral kills)
  3 wights (D:9)
3 creatures vanquished.

Grand Total: 210 creatures vanquished

Notes
Turn   | Place    | Note
-------+----------+-------------------------------------------
     0 | D:1      | booth the Demonspawn Gladiator began the quest for the Orb.
     0 | D:1      | Reached XP level 1. HP: 16/16 MP: 1/1
   302 | D:1      | Gained mutation: You have a pair of small horns on your
                  | head. [demonic ancestry]
   302 | D:1      | Reached XP level 2. HP: 22/22 MP: 2/2
   352 | D:1      | Reached skill level 3 in Axes
   451 | D:1      | Found Pion's Armour Shoppe.
   711 | D:2      | Noticed Jessica
   721 | D:2      | Found a burning altar of Makhleb.
   722 | D:2      | Killed Jessica
   723 | D:2      | Reached XP level 3. HP: 17/28 MP: 3/3
  1037 | D:2      | Gained mutation: You may rarely emit foul miasma when
                  | damaged in melee. [demonic ancestry]
  1037 | D:2      | Reached XP level 4. HP: 32/34 MP: 4/4
  1764 | D:3      | Noticed Terence
  1768 | D:3      | Killed Terence
  1868 | D:3      | Reached XP level 5. HP: 40/40 MP: 5/5
  1882 | D:3      | Noticed an ogre
  1897 | D:3      | Killed an ogre
  1898 | D:3      | Reached skill level 4 in Axes
  1996 | D:3      | Noticed a black bear
  1997 | D:3      | Found a runed translucent gate.
  1997 | D:3      | Found a runed translucent gate.
  1997 | D:3      | Found a runed translucent gate.
  1997 | D:3      | Noticed superradish's ghost (amateur OpSh)
  2228 | D:4      | Gained mutation: You regenerate a little health from kills.
                  | [demonic ancestry]
  2228 | D:4      | Reached XP level 6. HP: 36/47 MP: 6/6
  2551 | D:4      | Reached skill level 5 in Axes
  2654 | D:4      | Reached XP level 7. HP: 54/54 MP: 7/7
  2882 | D:4      | Found Akasos's General Store.
  2888 | D:4      | Bought a potion of heal wounds for 50 gold pieces
  2888 | D:4      | Bought a potion of heal wounds for 50 gold pieces
  3424 | D:5      | Entered Level 5 of the Dungeon
  3445 | D:5      | Reached skill level 6 in Axes
  3589 | D:5      | Found a sand-covered staircase.
  3594 | Ossuary  | Entered an ossuary
  3677 | Ossuary  | Reached XP level 8. HP: 55/61 MP: 8/8
  3705 | Ossuary  | Reached skill level 5 in Fighting
  3814 | Ossuary  | Reached skill level 7 in Axes
  4011 | D:5      | Reached skill level 5 in Throwing
  4794 | D:6      | Found a hide-covered altar of Uskayaw.
  5052 | D:6      | Found a staircase to the Ecumenical Temple.
  5067 | Temple   | Entered the Ecumenical Temple
  5095 | Temple   | Became a worshipper of Ashenzari the Shackled
  5221 | D:6      | Noticed Edmund
  5238 | D:6      | Killed Edmund
  5239 | D:6      | Reached skill level 8 in Axes
  5239 | D:6      | Gained mutation: You have a pair of horns on your head.
                  | [demonic ancestry]
  5239 | D:6      | Reached XP level 9. HP: 54/69 MP: 9/9
  5307 | D:6      | Found a stormy altar of Qazlal.
  5655 | D:6      | Found an ornate altar of the Wu Jian Council.
  6538 | D:7      | Found a shimmering altar of Xom.
  6539 | D:7      | Found a hazy altar of Hepliaklqana.
  6539 | D:7      | Noticed a hell beast
  6540 | D:7      | Noticed a spectral ugly thing
  6540 | D:7      | Noticed a hell beast
  6748 | D:7      | Reached skill level 9 in Axes
  6947 | D:7      | Noticed Prince Ribbit
  6955 | D:7      | Killed Prince Ribbit
  7254 | D:8      | Found a bloodstained altar of Trog.
  7269 | D:8      | Identified the +6 dagger of Chagrin {pain, rF- Str+4 Dex+3
                  | Stlth+}
  7441 | D:8      | Found an opulent altar of Gozag.
  7556 | D:8      | Noticed Maggie
  7574 | D:8      | Killed Maggie
  7702 | D:8      | Gained mutation: You sometimes emit foul miasma when
                  | damaged in melee. [demonic ancestry]
  7702 | D:8      | Reached XP level 10. HP: 31/79 MP: 10/10
  8225 | D:9      | Reached skill level 10 in Axes
  8425 | D:9      | Noticed Gastronok
  8445 | D:9      | Mangled by Gastronok

Illustrated notes

Levels and vault maps discovered:
D:1:      scummos_arrival_checkerplants, layout_basic, serial_shops,
          nicolae_shop_window_shopping
D:2:      layout_loops_ring, basic_altar, uniq_jessica
D:3:      layout_basic, gammafunk_ghost_split, minivault_14, uniq_terence
D:4:      layout_basic, serial_demonic, serial_demonic_d, serial_demonic_f,
          serial_demonic_d, serial_demonic_g, serial_shops,
          nicolae_shop_back_alley_shop, hangedman_decor_lopped
D:5:      layout_basic, enter_ossuary_2, portal_sewer_entry_b
D:6:      layout_loops_ring, mainiacjoe_overflow_concentric_impassable,
          mainiacjoe_overflow_alcove_1, nicolae_overflow_two_pavilions,
          minmay_temple_entry_hall, uniq_edmund
D:7:      layout_loops_ring, regret_index_temple_of_mockery, uniq_prince_ribbit1
D:8:      layout_cave_pools, bloody_trog,
          nicolae_gozag_cash_rules_everything_around_me, uniq_maggie
D:9:      layout_rooms, serial_bayou_pond_a, minmay_misc_feat_rows,
          chequers_serial_rivers_small_3, uniq_gastronok
Temple:   nicolae_temple_superstar

Skill      XL: |  1  2  3  4  5  6  7  8  9 10 |
---------------+-------------------------------+-----
Axes           | 3 4 5 6 8 9 10 | 10.3
Throwing       | 2 3 4 5 6 7 |  7.1
Dodging        | 3 |  3.3
Fighting       | 3 4 6 7 |  7.9

Action                     |  1- 3 |  4- 6 |  7- 9 | 10-12 || total
---------------------------+-------+-------+-------+-------++-------
  Melee: War axe           |    77 |   118 |   382 |    61 ||   638
         Headbutt          |     7 |    22 |    71 |    18 ||   118
         Punch             |       |       |     6 |       ||     6
  Throw: Throwing net      |     1 |     3 |     2 |       ||     6
         Javelin           |     1 |     1 |     5 |     1 ||     8
         Dart              |       |       |    11 |     1 ||    12
    Use: Scroll            |     1 |     5 |     8 |     1 ||    15
         Potion            |     1 |     1 |       |     1 ||     3
   Stab: Held in net/web   |       |       |     3 |       ||     3
 Armour: Leather armour    |    40 |       |       |       ||    40
         Ring mail         |     7 |    69 |   218 |    35 ||   329
  Dodge: Dodged            |    68 |    69 |   203 |    42 ||   382
